Unix NetHack Version 3.7.0-71 Work-in-progress - last build Jan 31 2023 02:41:03 (7ba98a1283f2b7cec35fde026edb48fc825ab8ae,branch:master). Game began 2023-02-06 17:35:22, ended 2023-02-06 18:01:04. Gandelf, neutral male human Monk ----------- |....[....| 1 |......%..|.----- |....+....-.....|.. |..)).....|.---.|a- |.*.......| |.@.| ----------- ---- 1 1 Gandelf the Initiate St:16 Dx:17 Co:12 In:12 Wi:12 Ch:9 Neutral S:6215 Dlvl:11 $:599 HP:0(46) Pw:26(26) AC:-5 Xp:7/1274 T:2368 Burdened Latest messages: The soldier ant bites! The soldier ant misses! You kill the soldier ant! The soldier ant misses! The soldier ant stings! You hit the soldier ant! The soldier ant bites! The soldier ant stings! The soldier ant bites! The soldier ant misses! Are you sure you want to pray? [yn] (n) y You begin praying to Chih Sung-tzu. You are surrounded by a shimmering light. The soldier ant starts to attack you, but pulls back. The soldier ant starts to attack you, but pulls back. The soldier ant starts to attack you, but pulls back. The soldier ant starts to attack you, but pulls back. The soldier ant starts to attack you, but pulls back. The soldier ant starts to attack you, but pulls back. You finish your prayer. You feel that Chih Sung-tzu is well-pleased. You feel much better. You hit the soldier ant! The soldier ant bites! The soldier ant misses! The soldier ant misses! The soldier ant stings! You hit the soldier ant! The soldier ant misses! The soldier ant misses! You kill the soldier ant! There is a soldier ant corpse here; eat it? [ynq] (n) n There is a tin here; eat it? [ynq] (n) y It is not so easy to open this tin. You stop opening the tin. The soldier ant misses! The soldier ant stings! The soldier ant misses! The soldier ant stings! You hit the soldier ant! The soldier ant bites! The soldier ant stings! The soldier ant bites! The soldier ant stings! You feel agile! You must have been working on your reflexes. The soldier ant misses! The soldier ant stings! You die... Do you want your possessions identified? [ynq] (y) q Inventory: Coins $ - 599 gold pieces Amulets O - a cursed amulet of restful sleep Weapons U - 17 blessed +0 arrows p - 10 +0 arrows X - 2 +0 crossbow bolts o - 15 +0 darts F - 8 +0 daggers l - a +0 glaive Armor L - an uncursed +0 dwarvish iron helm (being worn) a - an uncursed +2 pair of leather gloves (being worn) r - a cursed rustproof +0 pair of iron shoes (being worn) K - a blessed +3 shield of reflection (being worn) b - an uncursed +1 robe (being worn) Comestibles h - 6 uncursed apples g - 2 uncursed food rations j - 3 uncursed fortune cookies i - 7 uncursed oranges Q - 2 uncursed tripe rations n - an uncursed lizard corpse Scrolls y - 2 uncursed scrolls of confuse monster q - an uncursed scroll of create monster c - an uncursed scroll of light m - an uncursed scroll of light H - a blessed scroll of stinking cloud Y - an uncursed scroll of teleportation Potions E - an uncursed potion of blindness f - an uncursed potion of gain ability Rings A - a cursed ring of polymorph w - an uncursed ring of sustain ability Wands u - a wand of digging (0:2) P - a wand of striking (0:2) Z - a cursed wand of striking (0:3) Tools B - a magic harp (0:6) N - an uncursed leash v - a blessed magic lamp s - a +0 pick-axe G - an uncursed saddle x - 3 uncursed tallow candles Gems/Stones e - 2 uncursed amber stones S - an uncursed garnet stone R - an uncursed obsidian stone k - 4 uncursed worthless pieces of black glass J - an uncursed worthless piece of black glass I - an uncursed worthless piece of blue glass M - 2 uncursed worthless pieces of green glass C - 2 uncursed worthless pieces of violet glass T - an uncursed worthless piece of violet glass D - 2 uncursed worthless pieces of white glass d - an uncursed worthless piece of yellow glass t - an uncursed worthless piece of yellowish brown glass V - 3 uncursed worthless pieces of yellowish brown glass Gandelf the Monk's attributes: Background: You were an Initiate, a level 7 male human Monk. You were neutral, on a mission for Chih Sung-tzu who was opposed by Shan Lai Ching (lawful) and Huan Ti (chaotic). You were in the Gnomish Mines, on level 11. You entered the dungeon 2368 turns ago. There was a full moon in effect when your adventure ended. You had 1274 experience points, 6 more were needed to attain level 8. Your score was 6215 before end-of-game adjustments. Basics: You had 0 out of 46 hit points. You had all 26 energy points (spell power). Your armor class was -5. Your wallet contained 599 zorkmids. Autopickup was on for '$?!+/=' plus thrown. Final Characteristics: Your strength was 16 (limit:18/100). Your dexterity was 17 (limit:18). Your constitution was 12 (limit:18). Your intelligence was 12 (limit:18). Your wisdom was 12 (limit:18). Your charisma was 9 (limit:18). Final Status: You were not hungry. You were burdened; movement was slightly slowed. You were empty handed. You had basic skill with martial arts and could have enhanced that. Final Attributes: You were piously aligned. You were sleep resistant. You were poison resistant. You saw invisible. You were warned. You were stealthy. You were guarded. You were fast. You had reflection. You were lucky. You are dead. Miscellaneous: You never encountered a bones level. Total elapsed playing time was 25 minutes and 42 seconds. Major events: Turn 1: Gandelf the neutral male human Monk entered the dungeon 168: entered the Gnomish Mines 270: attained the rank of Novice (level 3) 425: made his first wish - "blessed +3 polished silver shield", got "a polished silver shield" 747: reached Mine Town 850: attained the rank of Initiate (level 6) 1580: performed his first genocide (fire ants) 2368: killed by a soldier ant Vanquished creatures: a tengu a quivering blob 2 wolves a giant spider 2 Green-elves 2 lizards a dwarf leader a human zombie 3 soldier ants 4 fire ants 8 gnome leaders 4 gnomish wizards 16 dwarves 2 hill orcs a monkey a dwarf zombie an acid blob a hobbit a hobgoblin a cave spider a red mold 54 gnomes a gecko 3 jackals 2 lichens a kobold zombie a newt 117 creatures vanquished. Genocided species: fire ants 1 species genocided. Voluntary challenges: You followed a strict vegan diet. You never hit with a wielded weapon. You read items or engraved 4 times. You never engraved Elbereth. You genocided 1 type of monster. You never polymorphed an object. You never changed form. You used 1 wish. You did not wish for any artifacts. Achievements: You entered the Gnomish Mines. You attained the rank of Novice. You entered Minetown. You entered a temple. You attained the rank of Initiate. You entered a shop. The Dungeons of Doom: levels 1 to 2 Level 1: Level 2: Stairs down to The Gnomish Mines. The Gnomish Mines: levels 3 to 11 Level 3: Level 4: Level 5: Level 6: A lighting shop, a temple, some fountains, a sink. Level 7: Level 8: Level 9: Level 10: Level 11: <- You were here. Final resting place for you, killed by a soldier ant. Game over: ---------- / \ / REST \ / IN \ / PEACE \ / \ | Gandelf | | 599 Au | | killed by a | | soldier ant | | | | | | 2023 | *| * * * | * _________)/\\_//(\/(/\)/\//\/|_)_______ Goodbye Gandelf the Monk... You died in The Gnomish Mines on dungeon level 11 with 6156 points, and 599 pieces of gold, after 2368 moves. You were level 7 with a maximum of 46 hit points when you died.